 Dungeon Crawl Stone Soup version 0.32-a0-43-g058985b245 (webtiles) character file.

Game seed: 2869727861661301517

918 Sobieck the Fighter (level 8, -6/96 HPs)
             Began as an Oni Cinder Acolyte on Feb 4, 2024.
             Was an Initiate of Gozag.
             Mangled by a fire elemental (12 damage)
             ... created by the fiery vengeance of Ignis
             ... on level 4 of the Dungeon.
             The game lasted 00:09:23 (5025 turns).

Sobieck the Fighter (Oni Cinder Acolyte)            Turns: 5025, Time: 00:09:23

Health: -6/96      AC:  3    Str: 21    XL:     8   Next: 9%
Magic:  9/9        EV:  9    Int: 15    God:    Gozag
Gold:   386        SH:  0    Dex:  4    Spells: 9/9 levels left

rFire   . . .        i - +8 mithril axe "Arga" {speed, Will+}
rCold   . . .        (no shield)
rNeg    . . .        b - +0 robe
rPois   .            (helmet restricted)
rElec   .            (no cloak)
rCorr   .            (gloves unavailable)
SInv    .            (boots unavailable)
Will    ++...        (no amulet)
Stlth   +            (no ring)
HPRegen 0.36/turn    (no ring)
MPRegen 0.11/turn

%: no passive effects
@: fire susceptible
A: large, unfitting armour, horns 1, tough skin 1, double potion healing,
drunken brawling, strong-willed 1, robust 1, subdued magic 1
a: Renounce Religion, Potion Petition, Call Merchant, Bribe Branch


You were on level 4 of the Dungeon.
You worshipped Gozag.
Gozag was aware of your devotion.
You visited 2 branches of the dungeon, and saw 6 of its levels.
You also visited: Sewer.

You collected 453 gold pieces.
You paid 67 gold pieces to Gozag.

Inventory:

Hand Weapons
 a - a -1 mace of flaming
 i - the +8 mithril axe "Arga" (weapon) {speed, Will+}
   (You found it in a sewer)

   Will+:     It increases your willpower.
 s - a +0 flail
Missiles
 c - 4 javelins (quivered)
 h - 29 stones
 j - 13 poisoned darts
Armour
 b - a +0 robe (worn)
Jewellery
 d - a ring of wizardry
 t - an amulet of reflection
Wands
 u - a wand of flame (38)
 w - a wand of paralysis (7)
Scrolls
 e - a scroll of enchant armour {unknown}
 f - 3 scrolls of poison {unknown}
 g - a scroll of immolation {unknown}
 k - 2 scrolls of vulnerability {unknown}
 m - a scroll of fog {unknown}
 o - 4 scrolls of blinking
 r - 4 scrolls of identify {unknown}
 v - 3 scrolls of teleportation {unknown}
Potions
 l - 2 potions of degeneration
 n - 3 potions of haste {unknown}
 p - 3 potions of curing
 q - a potion of lignification {unknown}
 x - 2 potions of brilliance {unknown}
 z - a potion of might {unknown}


   Skills:
 - Level 8.0 Fighting
 * Level 4.9(6.2) Axes
 - Level 5.7(6.6) Maces & Flails
 - Level 1.0 Dodging
 - Level 1.2 Spellcasting
 - Level 2.6 Fire Magic


You had 9 spell levels left.
You didn't know any spells.
Your spell library contained the following spells:

 Spells                   Type           Power      Damage    Failure   Level
 Scorch                   Fire           12%        2d5       10%         2
 Freeze                   Ice            0%         1d3       21%         1
 Kiss of Death            Conj/Necr      0%         2d5       21%         1
 Summon Small Mammal      Summ           0%         N/A       21%         1
 Confusing Touch          Hex            0%         N/A       54%         3
 Frozen Ramparts          Ice            0%         1d1       54%         3
 Hailstorm                Conj/Ice       0%         3d5       54%         3
 Dispel Undead            Necr           0%         3d6       92%         4


Dungeon Overview and Level Annotations

Branches:
Dungeon (5/15)             Temple (1/1) D:4           Sewer (visited)

Altars:
Ashenzari
Cheibriados
Dithmenos
Gozag
Hepliaklqana
Kikubaaqudgha
Makhleb
Nemelex Xobeh
Qazlal
Ru
Sif Muna
Trog
Uskayaw
Vehumet
Yredelemnul
Zin


Innate Abilities, Weirdness & Mutations

You are too large for most types of armour.
You have a pair of small horns on your head.
You have tough skin. (AC +1)
You gain doubled healing and magic from potions.
Whenever you drink a healing potion, you attack all around you.
You are strong-willed. (Will+)
You are robust. (+10% HP)
Your spells are a little easier to cast, but a little less powerful.


Message History

Unknown command.
Unknown command.
You climb downwards.
The fire elemental hits you. The fire elemental burns you!
The fire elemental hits you. The fire elemental burns you!
The fire elemental closely misses you.
There is a stone staircase leading up here.
Unknown command.
Unknown command.
Unknown command.
You hit the fire elemental.
The fire elemental is lightly damaged.
You barely miss the fire elemental. The fire elemental hits you.
The fire elemental burns you!
* * * LOW HITPOINT WARNING * * *
The fire elemental hits you.
* * * LOW HITPOINT WARNING * * *
The fire elemental burns you!
* * * LOW HITPOINT WARNING * * *
The fire elemental barely misses you.
Unknown command.
The fire elemental hits you.
* * * LOW HITPOINT WARNING * * *
The fire elemental burns you!
* * * LOW HITPOINT WARNING * * *
The fire elemental barely misses you.
You climb upwards.
There is a stone staircase leading down here.
Unknown command.
Unknown command.
You barely miss the fire elemental. You closely miss the fire elemental.
The fire elemental hits you. The fire elemental burns you!
* * * LOW HITPOINT WARNING * * *
The fire elemental barely misses you.
You closely miss the fire elemental.
Your headbutt misses the fire elemental.
You slash the fire elemental! The fire elemental hits you.
The fire elemental burns you!
* * * LOW HITPOINT WARNING * * *
The fire elemental hits you. The fire elemental burns you!
* * * LOW HITPOINT WARNING * * *
You take a swig of the potion and twirl the +8 mithril axe "Arga" {speed, Will+}.
You slash the fire elemental!
Your headbutt misses the fire elemental.
The fire elemental is almost destroyed.
You barely miss the fire elemental.
You savour every drop.
You feel better. The fire elemental hits you. The fire elemental burns you!
* * * LOW HITPOINT WARNING * * *
The fire elemental hits you. The fire elemental burns you!
You die...
Your body crumbles into a pile of gold.

######.# #.............#.# #.#
#..##########.#.# #.# #..# #....#
#.# #..# #..### #.#
#..#########..# #.#
#.............#### #.####
#...########.###.#
######....#####..E.............#
...............E@.########.###.#
.............##...##.....#.#.#.#
#########..#.##...##.##.##.#.#.##
#.....).......#...##.##.##.#.....
....###...#.#.....##.##.##.#.#.##
....# #...#.###......##.##.#.#.##
....# #..##...###....##.##.#.#.##
...[###..#........#..#...........
....#...##..>..##...#####.##.#.##


You could see 2 fire elementals.

Vanquished Creatures
  2 fire elementals (D:5)
  A centaur (D:5)
  2 bullfrogs (Sewer)
  A bombardier beetle (D:4)
  4 hounds
  An orc priest (D:3)
  Ijyb (D:3)
  Jessica (D:2)
  An iguana (D:5)
  A sleepcap (D:5)
  Terence (D:3)
  7 orc wizards (D:3)
  10 adders
  2 ufetubi (D:5)
  2 ribbon worms (D:3)
  11 dart slugs
  13 orcs
  15 ball pythons
  2 bats
  4 endoplasms
  11 giant cockroaches
  2 hobgoblins (D:2)
  8 jackals
  3 quokkas
  13 frilled lizards
  4 goblins
  3 kobolds
  5 rats
131 creatures vanquished.

Vanquished Creatures (others)
  A giant cockroach (Sewer)
  83 foxfires
84 creatures vanquished.

Grand Total: 215 creatures vanquished

Notes
Turn   | Place    | Note
-------+----------+-------------------------------------------
     0 | D:1      | Sobieck the Oni Cinder Acolyte began the quest for the Orb.
     0 | D:1      | Reached XP level 1. HP: 24/24 MP: 2/2
   218 | D:1      | Reached XP level 2. HP: 32/32 MP: 3/3
   775 | D:2      | Reached skill level 1 in Dodging
   814 | D:2      | Reached XP level 3. HP: 25/40 MP: 4/4
  1030 | D:2      | Identified the +2 helmet "Bewnaedd" {rF- rC- Will+++
                  | Stlth+}
  1190 | D:2      | Reached skill level 5 in Fighting
  1250 | D:2      | Reached XP level 4. HP: 41/50 MP: 5/5
  1434 | D:2      | Noticed Jessica
  1439 | D:2      | Killed Jessica
  1733 | D:3      | Noticed Terence
  1741 | D:3      | Killed Terence
  1742 | D:3      | Reached XP level 5. HP: 51/59 MP: 6/6
  1820 | D:3      | Found a shimmering blue altar of Sif Muna.
  1826 | D:3      | Reached skill level 6 in Fighting
  1866 | D:3      | Got Sif Muna's Encyclopedia of Generation
  1873 | D:3      | Found an ancient bone altar of Kikubaaqudgha.
  1885 | D:3      | Reached XP level 6. HP: 12/68 MP: 7/7
  2069 | D:3      | Found a radiant altar of Vehumet.
  2100 | D:3      | Found a glowing silver altar of Zin.
  2269 | D:3      | Found a glowing drain.
  2273 | Sewer    | Entered a sewer
  2400 | Sewer    | Gained mutation: Your spells are a little easier to cast,
                  | but a little less powerful. [potion of mutation]
  2400 | Sewer    | Gained mutation: You are robust. (+10% HP) [potion of
                  | mutation]
  2400 | Sewer    | Gained mutation: You are strong-willed. (Will+) [potion of
                  | mutation]
  2412 | Sewer    | Reached skill level 7 in Fighting
  2487 | Sewer    | Found the +8 mithril axe "Arga" {speed, Will+}
  2528 | Sewer    | Reached XP level 7. HP: 71/85 MP: 8/8
  2725 | D:3      | Noticed Ijyb
  2735 | D:3      | Killed Ijyb
  2742 | D:3      | Reached skill level 1 in Axes
  3070 | D:3      | Reached skill level 8 in Fighting
  3242 | D:4      | Found a staircase to the Ecumenical Temple.
  3262 | Temple   | Entered the Ecumenical Temple
  3362 | Temple   | Fell from the grace of Ignis
  3362 | Temple   | Became a worshipper of Gozag Ym Sagoz the Greedy
  4209 | D:5      | Entered Level 5 of the Dungeon
  4216 | D:5      | Reached skill level 3 in Axes
  4601 | D:5      | Found a sparkling altar of Nemelex Xobeh.
  4642 | D:5      | Found a stormy altar of Qazlal.
  4690 | D:5      | Reached XP level 8. HP: 83/96 MP: 9/9
  5024 | D:4      | HP: 1/96 [fire elemental[the fiery vengeance of Ignis]
                  | (12)]
  5025 | D:4      | Mangled by a fire elemental

Illustrated notes

Levels and vault maps discovered:
D:1:      minmay_arrival_split_and_join, layout_basic, serial_bayou_pond_d
D:2:      layout_loops_ring, uniq_jessica
D:3:      layout_rooms, palyth_temple_overflow_mages, old_standard_altar,
          gup_sewer_entry_spiral, uniq_ijyb, uniq_terence
D:4:      layout_basic, minmay_temple_entry_slanted,
          nicolae_houndstooth_variations
D:5:      minmay_opposing_rooms, layout_basic, amcnicky_altar_gilded,
          mainiacjoe_overflow_brackets, hangedman_decor_lopped
Temple:   hellmonk_temple_beads

Skill      XL: |  1  2  3  4  5  6  7 |
---------------+----------------------+-----
Dodging        | 1 |  1.0
Fighting       | 5 6 7 8 |  8.0
Maces & Flails | 4 5 |  5.7
Axes           | 4 |  4.9
Spellcasting   | |  1.2
Fire Magic     | |  2.6

Action                     |  1- 3 |  4- 6 |  7- 9 || total
---------------------------+-------+-------+-------++-------
  Melee: Mace              |    75 |    21 |       ||    96
         Headbutt          |     6 |    15 |    13 ||    34
         Flail             |       |   132 |       ||   132
         Broad axe         |       |       |   104 ||   104
  Throw: Javelin           |       |     1 |       ||     1
 Invoke: Fiery Armour      |     1 |       |       ||     1
         Foxfire Swarm     |       |     6 |       ||     6
    Use: Potion            |       |     4 |     1 ||     5
 Armour: Robe              |    56 |   178 |    99 ||   333
  Dodge: Dodged            |    43 |    93 |    48 ||   184

Table legend: (Time is in decaauts)
 A = Elapsed time spent in this place.
 B = Non-inter-level travel time spent in this place.
 C = Inter-level travel time spent in this place.
 D = Time resting spent in this place.
 E = Time spent auto-exploring this place.
 F = Levels seen in this place.
 G = Mean time per level.
                   A        B        C        D        E       F      G
               +--------+--------+--------+--------+--------+-----+--------+
         Total |   5057 |   4915 |    142 |    745 |   3127 |   7 |  722.4 |
       Dungeon |   4633 |   4510 |    123 |    694 |   3099 |   5 |  926.6 |
        Temple |    119 |    100 |     19 |     29 |      0 |   1 |  119.0 |
         Sewer |    304 |    304 |      0 |     22 |     28 |   1 |  304.0 |
               +--------+--------+--------+--------+--------+-----+--------+

Top non-repeatable levels by time:
     D:3: 1162 daAuts
     D:4: 1009 daAuts
     D:2: 936 daAuts
     D:1: 771 daAuts
     D:5: 754 daAuts
   Sewer: 304 daAuts
  Temple: 119 daAuts
